 Dungeon Crawl Stone Soup version 0.30.0-29-ga12c61a403 (webtiles) character file.

Game seed: 13016670496515954068

2492 ChrisAssaf the Covert (level 9, -3/78 HPs)
             Began as a Naga Brigand on June 22, 2023.
             Was a Priest of Sif Muna.
             Slain by a skeletal warrior
             ... wielding a +0 morningstar
              (13 damage)
             ... on level 7 of the Dungeon on June 23, 2023.
             The game lasted 00:23:33 (5888 turns).

ChrisAssaf the Covert (Naga Brigand)                Turns: 5888, Time: 00:23:34

Health: -3/78      AC: 10    Str: 12 (13) XL:     9   Next: 52%
Magic:  7/13       EV: 10    Int: 16      God:    Sif Muna [***...]
Gold:   385        SH:  0    Dex: 10 (11) Spells: 7/13 levels left

rFire   . . .        f - +2 dagger (venom)
rCold   + . .        (no shield)
rNeg    + + +        u - +1 robe of Etwupt {+Inv rC+ rN+++ Dex-2}
rPois   +            (no helmet)
rElec   .            c - +2 cloak
rCorr   .            B - +1 pair of gloves
SInv    +            (no barding)
Will    +....        (no amulet)
Stlth   ++++         (no ring)
HPRegen 0.33/turn    (no ring)
MPRegen 0.13/turn

%: no passive effects
@: mighty, very slow
A: AC +3, large, see invisible, deformed body, poison resistance, slowness 2,
spit poison 1, naga tail 1, stinger 1, screaming 1
a: Spit Poison, Renounce Religion, Evoke Invisibility, Channel Magic, Forget
Spell


You were on level 7 of the Dungeon.
You worshipped Sif Muna.
Sif Muna was most pleased with you.
You visited 1 branch of the dungeon, and saw 8 of its levels.

You collected 475 gold pieces.
You spent 90 gold pieces at shops.

Inventory:

Hand Weapons
 f - a +2 dagger of venom (weapon)
 G - a +1 heavy quarterstaff
Missiles
 d - 19 poisoned darts
 h - 3 curare-tipped darts (quivered)
 o - 2 boomerangs
 x - a throwing net
 H - 4 atropa-tipped darts
Armour
 b - a +0 robe
 c - a +2 cloak (worn)
 u - the +1 robe of Etwupt (worn) {+Inv rC+ rN+++ Dex-2}
   (You found it on level 4 of the Dungeon)

   Dex:       It affects your dexterity (-2).
   rC:        It protects you from cold.
   rN:        It renders you almost immune to negative energy.
   +Inv:      It lets you turn invisible.
 B - a +1 pair of gloves (worn)
Jewellery
 s - a ring of ice
Wands
 q - a wand of light (6)
 y - a wand of paralysis (5)
 E - a wand of roots (6)
Scrolls
 e - a scroll of torment {unknown}
 g - 2 scrolls of noise
 i - a scroll of immolation
 j - 2 scrolls of vulnerability {unknown}
 k - a scroll of fog {unknown}
 m - a scroll of summoning {unknown}
 n - a scroll of acquirement {unknown}
 t - a scroll of poison {unknown}
 v - 2 scrolls of teleportation {unknown}
 A - a scroll of fear {unknown}
 C - a scroll of enchant weapon {unknown}
 I - a scroll of silence {unknown}
Potions
 l - 2 potions of attraction
 z - a potion of might


   Skills:
 * Level 4.2 Fighting
 * Level 4.2 Short Blades
 * Level 2.3 Staves
 * Level 3.7 Throwing
 * Level 2.5 Armour
 * Level 3.3 Dodging
 * Level 10.1 Stealth
 * Level 2.7 Spellcasting
 * Level 1.6 Conjurations
 * Level 2.7 Ice Magic
 * Level 1.6 Earth Magic
 * Level 3.2 Invocations
 * Level 2.9 Evocations


You had 7 spell levels left.
You knew the following spells:

 Your Spells              Type           Power      Damage    Failure   Level
a - Frozen Ramparts       Ice            22%        1d4       19%         3
b - Stone Arrow           Conj/Erth      14%        3d7       28%         3

Your spell library contained the following spells:

 Spells                   Type           Power      Damage    Failure   Level
 Sandblast                Erth           14%        2d6       10%         1
 Passwall                 Tmut/Erth      3%         N/A       21%         2
 Dazzling Flash           Conj/Hex       8%         N/A       38%         3
 Ice Form                 Ice/Tmut       6%         N/A       71%         4
 Summon Ice Beast         Ice/Summ       6%         N/A       71%         4
 Agony                    Necr           2%         N/A       99%         5
 Silence                  Hex/Air        1%         N/A       99%         5


Dungeon Overview and Level Annotations

Branches:
Dungeon (8/15)             Temple (0/1) D:4
   Lair: D:8-11

Altars:
Ashenzari
Cheibriados
Dithmenos
Kikubaaqudgha
Nemelex Xobeh
Okawaru
Sif Muna
Uskayaw
Vehumet
Zin

Shops:
D:1 *   D:3 *


Innate Abilities, Weirdness & Mutations

Your serpentine skin is tough. (AC +3)
You have supernaturally acute eyesight. (SInv)
Armour fits poorly on your strangely shaped body.
Your system is resistant to poisons. (rPois)
You cover ground very slowly.
You can spit poison.
You have a snake-like lower body.
Your tail ends in a venomous barb.
You occasionally shout uncontrollably at your foes.


Message History

You puncture the water moccasin!
You kill the water moccasin!
Sif Muna accepts your kill.
The skeletal warrior resists.
The wall freezes the skeletal warrior.
You puncture the skeletal warrior!
The skeletal warrior is lightly damaged.
The wall freezes the skeletal warrior but does no damage.
The skeletal warrior hits you with a +0 morningstar.
You hit the skeletal warrior.
The skeletal warrior is lightly damaged.
The wall freezes the skeletal warrior but does no damage.
The skeletal warrior barely misses you.
You puncture the skeletal warrior!
The skeletal warrior is moderately damaged.
The wall freezes the skeletal warrior but does no damage.
The skeletal warrior hits you with a +0 morningstar!!
Your magical contamination has completely faded away.
You hit the skeletal warrior but do no damage.
The skeletal warrior is moderately damaged.
You hit the skeletal warrior but do no damage.
The skeletal warrior is moderately damaged.
The frozen ramparts melt away.
The skeletal warrior misses you.
You hit the skeletal warrior but do no damage.
The skeletal warrior is moderately damaged.
The skeletal warrior hits you with a +0 morningstar!!
* * * LOW HITPOINT WARNING * * *
Unknown command.
Okay, then.
Aiming: Bolt of Light
Press: ? - help, Shift-Dir - straight line, f - skeletal warrior
Aim: a skeletal warrior, wielding a +0 morningstar (moderately damaged, 74% to hit)
The bolt of light hits the skeletal warrior!
The skeletal warrior is heavily damaged.
The skeletal warrior is blinded.
You hear a howl!
The skeletal warrior barely misses you.
You puncture the skeletal warrior!
The skeletal warrior is severely damaged.
The skeletal warrior hits you with a +0 morningstar!
You die...

.....###########
............†...#
##.#########.#####.#
.......###.....###.#
## ###.##..###..##.#
.###.#.#..##(##..#.#
#)#.##.#..#...#..#.#
##.###...##...##...#
#.#.##.#.#...z.#@#.#
.###)#.#.#....$#z#.#
## ##..#.#.....#.#.#
.......#.....z...#.#
##.#########.#####..
.. #.. # ..


You could see a skeletal warrior (wandering, blind).

Vanquished Creatures
  Prince Ribbit (D:6)
  A vampire mosquito (D:7)
  2 water moccasins
  An orc warrior (D:6)
  A black bear (D:6)
  2 ice beasts
  An ogre (D:6)
  A centaur (D:8)
  A kobold brigand (D:7)
  A phantom (D:5)
  2 bullfrogs
  6 scorpions
  5 killer bees (D:6)
  A jelly (D:7)
  An orc priest (D:6)
  5 hounds
  3 iguanas
  A sleepcap (D:7)
  8 gnolls (D:4)
  11 adders
  A shadow imp (D:6)
  An ufetubus (D:5)
  A worm (D:2)
  2 dart slugs
  15 orcs
  8 bats
  5 endoplasms
  2 giant cockroaches
  8 goblins
  7 hobgoblins
  3 jackals (D:2)
  9 quokkas
  10 ball pythons
  2 frilled lizards
  2 kobolds (D:2)
  11 rats
142 creatures vanquished.

Notes
Turn   | Place    | Note
-------+----------+-------------------------------------------
     0 | D:1      | ChrisAssaf the Naga Brigand began the quest for the Orb.
     0 | D:1      | Reached XP level 1. HP: 19/19 MP: 1/1
    80 | D:1      | Reached skill level 6 in Stealth
    90 | D:1      | Reached XP level 2. HP: 26/26 MP: 2/2
   227 | D:2      | Reached skill level 1 in Dodging
   227 | D:2      | Reached XP level 3. HP: 7/32 MP: 3/3
   336 | D:2      | Found a shimmering blue altar of Sif Muna.
   442 | D:2      | Became a worshipper of Sif Muna the Loreminder
   536 | D:2      | Found a hide-covered altar of Uskayaw.
   738 | D:2      | Reached XP level 4. HP: 40/40 MP: 4/4
   957 | D:1      | Reached skill level 7 in Stealth
   998 | D:1      | Reached * piety under Sif Muna
  1001 | D:1      | Found Jos Ascho's General Store.
  1024 | D:1      | Bought a scroll of identify for 28 gold pieces
  1024 | D:1      | Bought a potion of attraction for 42 gold pieces
  1050 | D:1      | Found a faded altar of an unknown god.
  1403 | D:3      | Found Qoqokur's General Store.
  1434 | D:3      | Bought a scroll of identify for 20 gold pieces
  1664 | D:3      | Found an iron altar of Okawaru.
  1690 | D:3      | Learned a level 3 spell: Frozen Ramparts
  1819 | D:3      | Found a shadowy altar of Dithmenos.
  1936 | D:3      | Reached ** piety under Sif Muna
  1947 | D:3      | Reached skill level 1 in Spellcasting
  1953 | D:3      | Reached XP level 5. HP: 46/46 MP: 6/6
  2099 | D:3      | Found an ancient bone altar of Kikubaaqudgha.
  2100 | D:3      | Found a glowing silver altar of Zin.
  2101 | D:3      | Found a sparkling altar of Nemelex Xobeh.
  2317 | D:4      | Reached skill level 1 in Invocations
  2350 | D:4      | Reached XP level 6. HP: 8/55 MP: 7/7
  2554 | D:4      | Identified the +1 robe of Etwupt {+Inv rC+ rN+++ Dex-2}
  2859 | D:4      | Reached skill level 1 in Armour
  3133 | D:4      | Found a staircase to the Ecumenical Temple.
  3172 | D:5      | Entered Level 5 of the Dungeon
  3202 | D:5      | Reached skill level 8 in Stealth
  3202 | D:5      | Reached skill level 1 in Ice Magic
  3408 | D:5      | Reached skill level 1 in Evocations
  3408 | D:5      | Reached XP level 7. HP: 23/61 MP: 9/9
  3617 | D:5      | You fall into a shaft and drop 3 floors!
  3629 | D:7      | Found a broken altar of Ashenzari.
  3767 | D:6      | Reached XP level 8. HP: 66/69 MP: 11/11
  3915 | D:6      | Reached skill level 9 in Stealth
  4394 | D:5      | Learned a level 3 spell: Stone Arrow
  4567 | D:6      | Found a radiant altar of Vehumet.
  4723 | D:6      | Noticed Prince Ribbit
  4744 | D:6      | Killed Prince Ribbit
  4802 | D:6      | Reached skill level 1 in Staves
  4808 | D:6      | Reached XP level 9. HP: 22/78 MP: 8/12
  4810 | D:6      | HP: 5/117 [killer bee (4)]
  4815 | D:6      | Gained mutation: You occasionally shout uncontrollably at
                  | your foes. [potion of mutation]
  4815 | D:6      | Gained mutation: Your tail ends in a venomous barb. [potion
                  | of mutation]
  4822 | D:6      | Reached skill level 1 in Conjurations
  4822 | D:6      | Reached skill level 1 in Earth Magic
  4825 | D:6      | Reached skill level 10 in Stealth
  5069 | D:6      | Found a snail-covered altar of Cheibriados.
  5172 | D:6      | Reached *** piety under Sif Muna
  5857 | D:7      | Noticed a skeletal warrior
  5888 | D:7      | Slain by a skeletal warrior

Illustrated notes

Levels and vault maps discovered:
D:1:      eino_arrival_druids_welcome, layout_rooms, serial_shops, shop,
          shapermc_ecumenical_altar_acropolis
D:2:      wad_woods_stonehenge, layout_basic, basic_altar
D:3:      layout_loops_corners, minitemple, grunt_dithmenos_smoke_and_mirrors,
          kennysheep_okawaru_gauntlet, serial_shops, nicolae_square_shop
D:4:      layout_cave_pools, temple_hall, serial_column_ruins,
          column_ruins_hut_ruined, column_ruins_square_large,
          column_ruins_columns_straight, column_ruins_columns_dead_end,
          column_ruins_columns_corner, column_ruins_open_tiny,
          column_ruins_open_small_water
D:5:      layout_basic, minivault_23
D:6:      layout_cave_pods, mainiacjoe_overflow_cross_hatched,
          mainiacjoe_overflow_24_doors, uniq_prince_ribbit1
D:7:      layout_loops_cross, elyvilon_altar_5,
          mainiacjoe_overflow_concentric_impassable, minmay_the_grid_2x2
          [minmay_the_grid_slots, minmay_the_grid_large_cup,
          minmay_the_grid_box_x, minmay_the_grid_prize_shrinking_boxes]
D:8:      layout_loops_ring, nzn_overflow_gifts_of_might_and_magic,
          nzn_wu_jian_council_hall, dreamdust_mushroom_princess,
          minmay_quadrilaterals, uniq_gastronok

Skill      XL: |  1  2  3  4  5  6  7  8  9 |
---------------+----------------------------+-----
Stealth        | 6 7 8 9 10 | 10.1
Dodging        | 1 2 3 |  3.3
Throwing       | 2 3 |  3.7
Spellcasting   | 1 2 |  2.7
Invocations    | 1 2 3 |  3.2
Armour         | 1 2 |  2.5
Ice Magic      | 1 2 |  2.7
Short Blades   | 3 4 |  4.2
Evocations     | 1 2 |  2.9
Fighting       | 3 4 |  4.2
Staves         | 1 2 |  2.3
Conjurations   | 1 |  1.6
Earth Magic    | 1 |  1.6

Action                     |  1- 3 |  4- 6 |  7- 9 || total
---------------------------+-------+-------+-------++-------
  Melee: Dagger            |    64 |   116 |    96 ||   276
         Punch             |       |     1 |       ||     1
         Quarterstaff      |       |       |    49 ||    49
  Throw: Dart              |     1 |     3 |     2 ||     6
   Cast: Frozen Ramparts   |       |     1 |    10 ||    11
Ability: Spit Poison       |    24 |    35 |    21 ||    80
  Evoke: Wand              |       |     5 |     7 ||    12
    Use: Scroll            |     3 |     5 |     1 ||     9
         Potion            |       |     2 |    10 ||    12
   Stab: Sleeping          |     5 |    16 |    12 ||    33
         Invisible         |       |     1 |     2 ||     3
         Paralysed         |       |       |     2 ||     2
 Armour: Robe              |    37 |    51 |    82 ||   170
         Skin              |       |       |    45 ||    45
  Dodge: Dodged            |    61 |    76 |   101 ||   238
